 Dungeon Crawl Stone Soup version 0.21.2-1-g0862bd2 (webtiles) character file.

104 smallpebble the Covered (level 4, -12/40 HPs)
             Began as a Hill Orc Fighter on Apr 12, 2019.
             Killed by divine providence
             ... invoked by an orc priest
              (15 damage)
             ... on level 3 of the Dungeon.
             The game lasted 00:05:18 (1901 turns).

smallpebble the Covered (Hill Orc Fighter)          Turns: 1901, Time: 00:05:19

Health: -12/40     AC:  9    Str: 19    XL:     4   Next: 80%
Magic:  4/4        EV:  7    Int:  8    God:
Gold:   87         SH:  9    Dex: 10    Spells: 3/3 levels left

rFire    . . .     SeeInvis .   a - +1 war axe
rCold    . . .     Gourm    .   c - +0 shield
rNeg     . . .     Faith    .   b - +0 scale mail
rPois    .         Spirit   .   w - +0 helmet
rElec    .         Reflect  .   (no cloak)
rCorr    .         Harm     .   (no gloves)
MR       .....                  h - +0 pair of boots
Stlth    ..........             (no amulet)
HPRegen  0.13/turn              n - ring of wizardry
MPRegen  0.09/turn              (no ring)

@: no status effects
A: no striking features
a: Convert to Beogh


You were on level 3 of the Dungeon.
You were not hungry.

You visited 1 branch of the dungeon, and saw 3 of its levels.

You collected 87 gold pieces.

Inventory:

Hand Weapons
 a - a +1 war axe (weapon)
Armour
 b - a +0 scale mail (worn)
 c - a +0 shield (worn)
 h - a +0 pair of boots (worn)
 w - a +0 helmet (worn)
Jewellery
 k - an uncursed ring of protection from fire {unknown}
 n - a ring of wizardry (left hand)
Wands
 q - a wand of paralysis (17)
 r - a wand of flame (27)
Scrolls
 i - 2 scrolls of remove curse
 l - 6 scrolls of identify
 o - 4 scrolls of teleportation
 p - a scroll of blinking {unknown}
 t - a scroll of fog {unknown}
 v - 3 scrolls of immolation
Potions
 d - a potion of might
 e - 2 potions of lignification {unknown}
 g - a potion of flight {unknown}
 j - 3 potions of heal wounds {unknown}
 m - a potion of resistance {unknown}
 s - a potion of degeneration {unknown}
 u - a potion of invisibility {unknown}
Comestibles
 f - 5 rations


   Skills:
 + Level 4.2 Fighting
 + Level 3.7 Axes
 + Level 4.4 Armour
 + Level 0.7 Dodging
 + Level 0.2 Stealth
 + Level 3.7 Shields


You had 3 spell levels left.
You didn't know any spells.

Dungeon Overview and Level Annotations

Branches:
Dungeon (3/15)

Altars:

Annotations:
D:3 retrovino's ghost, amateur MiHu


Message History

You block retrovino's ghost's attack.
A goblin comes into view. It is wielding a club.
Your shield and scale mail prevent you from hitting retrovino's ghost.
Retrovino's ghost is lightly damaged.
Retrovino's ghost hits you.
The orc priest looks braver for a moment.
You block retrovino's ghost's attack.
Found a pearl ring.
Retrovino's ghost glances around for something to throw.
The orc priest invokes the aid of Beogh against you.
Beogh smites you!
* * * LOW HITPOINT WARNING * * *
The orc priest looks encouraged for a moment.
The orc priest mumbles some strange prayers to Beogh against you.
Beogh smites you!
* * * LOW HITPOINT WARNING * * *
You see here a rat corpse.
The orc priest mumbles some strange prayers to Beogh against you.
Beogh smites you!
You die...

..........g[...........#
........og...#.#####...#
#.###...###.#.# #..#..
#..##...#...... #.##..
#####.##..........# #.#..#
..........#.>...... ....##
#......W..........#### # ..#.
#.....)†.......... #
#.$.>#......@...#####..#### #
.....#).[.......####......# #
........................##.###
............†...#####...##....
..............................
....##....####†..#.....#.....#
.........(†.)............<....
########..#....#..............
#..#..###..............


You could see an orc priest, retrovino's ghost and a goblin.

Vanquished Creatures
  Robin (D:2)
  3 adders
  An ooze (D:2)
  A dart slug (D:1)
  A leopard gecko (D:1)
  2 orcs (D:3)
  A ball python (D:2)
  2 giant cockroaches (D:3)
  9 goblins
  8 hobgoblins
  3 jackals (D:3)
  4 bats
  3 frilled lizards
  9 kobolds
  6 rats
54 creatures vanquished.

Notes
Turn   | Place    | Note
-------+----------+-------------------------------------------
     0 | D:1      | smallpebble the Hill Orc Fighter began the quest for the Orb.
     0 | D:1      | Reached XP level 1. HP: 19/19 MP: 1/1
    19 | D:1      | Noticed an electric eel
   127 | D:1      | Reached XP level 2. HP: 27/27 MP: 2/2
   829 | D:2      | Reached XP level 3. HP: 33/33 MP: 3/3
   994 | D:2      | Noticed Robin
  1028 | D:2      | Killed Robin
  1028 | D:2      | Reached XP level 4. HP: 8/40 MP: 4/4
  1877 | D:3      | Noticed retrovino's ghost (amateur MiHu)
  1901 | D:3      | Killed from afar by an orc priest

Skill      XL: |  1  2  3 |
---------------+----------+-----
Fighting       | 4 |  4.2
Axes           | 3 |  3.7
Armour         | 4 |  4.4
Dodging        | |  0.7
Stealth        | |  0.2
Shields        | |  3.7

Action                   |  1- 3 |  4- 6 || total
-------------------------+-------+-------++-------
Melee: War axe           |   105 |    69 ||   174
  Use: Scroll            |       |     5 ||     5
  Eat: Ration            |       |     1 ||     1
Armor: Scale mail        |    55 |    46 ||   101
Dodge: Dodged            |    36 |    21 ||    57
Block: Shield            |    61 |    36 ||    97
